 Dungeon Crawl Stone Soup version 0.27-a0-1586-gd5c625afe7 (webtiles) character file.

Game seed: 7564093574057077484

216 HAL9000 the Covert (level 5, -10/26 HPs)
             Began as a Vine Stalker Brigand on July 18, 2021.
             Mangled by an ogre (23 damage)
             ... on level 4 of the Dungeon.
             The game lasted 00:05:21 (3246 turns).

HAL9000 the Covert (Vine Stalker Brigand)           Turns: 3246, Time: 00:05:22

Health: -10/26     AC:  4    Str: 14    XL:     5   Next: 93%
Magic:  0/6        EV: 15    Int: 11    God:
Gold:   144        SH:  0    Dex: 16    Spells: 4/4 levels left

rFire    . . .     SeeInvis .   a - +2 dagger
rCold    . . .     Faith    .   (no shield)
rNeg     . . .     Spirit   +   b - +0 robe
rPois    .         Reflect  .   o - +0 helmet
rElec    .         Harm     .   c - +0 cloak
rCorr    .         Rampage  .   (no gloves)
Will     .....                  (no boots)
Stlth    ++++......             (no amulet)
HPRegen  1.08/turn              h - +4 ring of evasion
MPRegen  0.10/turn              (no ring)

@: no status effects
A: fangs 2, regeneration 1, magic shield, antimagic bite, no potion heal 2
a: no special abilities


You were on level 4 of the Dungeon.
You visited 1 branch of the dungeon, and saw 3 of its levels.
You also visited: Sewer.

You collected 144 gold pieces.

Inventory:

Hand Weapons
 a - a +2 dagger (weapon)
Missiles
 d - 34 poisoned darts (quivered)
 e - 2 curare-tipped darts
Armour
 b - a +0 robe (worn)
 c - a +0 cloak (worn)
 o - a +0 helmet (worn)
Jewellery
 h - a +4 ring of evasion (left hand)
Scrolls
 f - a scroll of immolation {unknown}
 i - a scroll of enchant weapon {unknown}
 j - a scroll of blinking
 n - 2 scrolls of fear {unknown}
 p - a scroll of summoning {unknown}
 v - a scroll of teleportation {unknown}
Potions
 g - a potion of curing
 k - 2 potions of flight {unknown}
 l - a potion of degeneration {unknown}
 m - 3 potions of heal wounds {unknown}
 q - a potion of might {unknown}
 r - 2 potions of magic {unknown}
 s - a potion of invisibility {unknown}
 t - a potion of haste {unknown}
 u - a potion of ambrosia {unknown}


   Skills:
 - Level 1.7 Fighting
 - Level 1.7 Short Blades
 - Level 3.0 Throwing
 - Level 0.7 Dodging
 + Level 8.1 Stealth


You had 4 spell levels left.
You didn't know any spells.
Your spell library contained the following spells:

 Spells                   Type           Power      Damage    Failure   Level
 Alistair's Intoxication  Tmut/Pois      0%         N/A       100%        5
 Borgnjor's Vile Clutch   Necr/Erth      0%         N/A       100%        5
 Eringya's Noxious Bog    Tmut/Pois      0%         N/A       100%        6


Dungeon Overview and Level Annotations

Branches:
Dungeon (4/15)              Sewer (visited)
 Temple: D:4-7

Altars:


Innate Abilities, Weirdness & Mutations

You have extremely sharp teeth.
Your natural rate of healing is unusually fast.
When hurt, damage is shared between your health and your magic reserves.
Your bite disrupts and absorbs the magic of your enemies.
Potions cannot restore your health.


Message History

The ball python closely misses you. The ball python barely misses you.
A ball python is nearby!
You hit the ball python.
You kill the ball python!
You see here a ball python corpse.
Found an escape hatch in the floor.
A quokka comes into view.
A kobold comes into view. It is wielding a +0 short sword.
There are monsters nearby!
The helpless quokka fails to defend itself.
You skewer the quokka like a kebab!!!
You kill the quokka!
A kobold is nearby!
A kobold is nearby!
A kobold is nearby!
Found 17 gold pieces.
A kobold is nearby!
A kobold is nearby!
The helpless kobold fails to defend itself.
You impale the kobold!!
You kill the kobold!
No target in view!
You now have 144 gold pieces (gained 17).
An endoplasm and an ogre come into view.
There are monsters nearby!
The helpless endoplasm fails to defend itself.
You impale the endoplasm!!
You kill the endoplasm!
The ogre shouts!
You hit the ogre but do no damage. You bite the ogre, but do no damage.
The ogre closely misses you.
You hit the ogre.
The ogre is lightly wounded.
You barely miss the ogre. Your bite misses the ogre.
The ogre is lightly wounded.
The ogre hits you with a +0 giant club!!
Ouch! That really hurt!
The ogre hits you with a +0 giant club!!
Ouch! That really hurt!
You die...

########## ###........##
##...........# #####
#...........†#
###...#####.............
##........#..............
#......O..##.............
#.......@..#.............
#...........#.............
#......................>..
#.........#...............
#.........##.......)......
#..........##............#
#.........####..##......##
#........# #...#####..##
.... #..## ..##


You could see an ogre.

Vanquished Creatures
  A hound (D:4)
  An orc wizard (D:4)
  Robin (D:2)
  7 adders
  A worm (D:2)
  A dart slug (D:1)
  3 orcs (D:4)
  9 ball pythons
  6 bats
  4 endoplasms
  5 giant cockroaches
  9 goblins
  3 hobgoblins
  6 jackals (Sewer)
  13 kobolds
  3 quokkas
  8 frilled lizards
  A rat (D:1)
82 creatures vanquished.

Vanquished Creatures (others)
  10 plants (Sewer)
10 creatures vanquished.

Grand Total: 92 creatures vanquished

Notes
Turn   | Place    | Note
-------+----------+-------------------------------------------
     0 | D:1      | HAL9000 the Vine Stalker Brigand began the quest for the
                  | Orb.
     0 | D:1      | Reached XP level 1. HP: 11/11 MP: 2/2
    26 | D:1      | Found a faded altar of an unknown god.
    75 | D:1      | Reached XP level 2. HP: 13/15 MP: 3/3
   842 | D:1      | Reached XP level 3. HP: 18/18 MP: 4/4
  1049 | D:2      | Reached skill level 5 in Stealth
  2028 | D:2      | Gained mutation: Your natural rate of healing is unusually
                  | fast. [Vine Stalker growth]
  2028 | D:2      | Reached XP level 4. HP: 21/23 MP: 5/5
  2031 | D:2      | Noticed Robin
  2060 | D:2      | Killed Robin
  2061 | D:2      | Reached skill level 6 in Stealth
  2135 | D:2      | You fall into a shaft and drop 2 floors!
  2166 | D:4      | Found a glowing drain.
  2195 | Sewer    | Entered a sewer
  2390 | Sewer    | Reached XP level 5. HP: 24/26 MP: 6/6
  2438 | Sewer    | Reached skill level 7 in Stealth
  3132 | D:4      | Reached skill level 8 in Stealth
  3234 | D:4      | Noticed an ogre
  3246 | D:4      | Mangled by an ogre

Illustrated notes

Levels and vault maps discovered:
D:1:      dpeg_arrival_simpleton_b, layout_basic,
          shapermc_ecumenical_altar_mp_highgroup
D:2:      layout_loops_ring, corexii_item_surrounded_by_moat, uniq_robin
D:4:      layout_cave_pods, portal_sewer_entry_a, dk_noncrumbling_4,
          chequers_serial_rivers_small_3, cheibrodos_gnoll_hut

Skill      XL: |  1  2  3  4  5 |
---------------+----------------+-----
Throwing       | 2 3 |  3.0
Stealth        | 5 6 8 |  8.1
Fighting       | |  1.7
Short Blades   | |  1.7
Dodging        | |  0.7

Action                   |  1- 3 |  4- 6 || total
-------------------------+-------+-------++-------
Melee: Dagger            |    92 |   140 ||   232
       Bite              |    23 |    36 ||    59
Throw: Dart              |    15 |    18 ||    33
  Use: Scroll            |       |     1 ||     1
 Stab: Sleeping          |     6 |     7 ||    13
Armor: Robe              |    23 |    28 ||    51
Dodge: Dodged            |    58 |   102 ||   160

Table legend: (Time is in decaauts)
 A = Elapsed time spent in this place.
 B = Non-inter-level travel time spent in this place.
 C = Inter-level travel time spent in this place.
 D = Time resting spent in this place.
 E = Time spent auto-exploring this place.
 F = Levels seen in this place.
 G = Mean time per level.
                   A        B        C        D        E       F      G
               +--------+--------+--------+--------+--------+-----+--------+
         Total |   3391 |   3381 |     10 |    488 |   2214 |   4 |  847.8 |
       Dungeon |   2605 |   2595 |     10 |    480 |   1641 |   3 |  868.3 |
         Sewer |    785 |    785 |      0 |      8 |    572 |   1 |  785.0 |
               +--------+--------+--------+--------+--------+-----+--------+

Top non-repeatable levels by time:
     D:2: 1148 daAuts
     D:1: 974 daAuts
   Sewer: 785 daAuts
     D:4: 481 daAuts
